 Dungeon Crawl Stone Soup version 0.24.0-123-gd5b16e6ec5 (webtiles) character file.

Game seed: 15927594779913763469, levelgen mode: deterministic

19 Enkuryo the Charmwright (level 2, 0/26 HPs)
             Began as a Gnoll Skald on Jan 16, 2020.
             Succumbed to an adder's poison
             ... on level 2 of the Dungeon.
             The game lasted 00:10:17 (1208 turns).

Enkuryo the Charmwright (Gnoll Skald)               Turns: 1208, Time: 00:10:17

Health: 0/26       AC:  2    Str: 12 (13) XL:     2   Next: 75%
Magic:  5/7        EV: 14    Int: 15      God:
Gold:   84         SH:  0    Dex: 14      Spells: 9/10 levels left

rFire    . . .     SeeInvis .   a - +0 mace
rCold    . . .     Gourm    .   (no shield)
rNeg     . . .     Faith    .   g - +0 robe
rPois    .         Spirit   .   (no helmet)
rElec    .         Reflect  .   (no cloak)
rCorr    .         Harm     .   (no gloves)
MR       .....                  (no boots)
Stlth    +.........             (no amulet)
HPRegen  0.08/turn              (no ring)
MPRegen  0.10/turn              (no ring)

@: lethally poisoned (0 -> -10), infused
A: distributed training, fangs 1, blink, deterioration 1, evolution 1, strong
nose
a: Blink


You were on level 2 of the Dungeon.
You were not hungry.

You visited 1 branch of the dungeon, and saw 2 of its levels.

You collected 84 gold pieces.

Inventory:

Hand Weapons
 a - a +0 mace (weapon)
Armour
 e - a +0 leather armour
 g - a +0 robe (worn)
Comestibles
 d - a ration


   Skills:
 + Level 4.5 Fighting
 + Level 0.5 Short Blades
 + Level 0.5 Long Blades
 + Level 0.5 Axes
 + Level 4.5 Maces & Flails
 + Level 0.5 Polearms
 + Level 0.5 Staves
 + Level 0.5 Slings
 + Level 0.5 Bows
 + Level 0.5 Crossbows
 + Level 0.5 Throwing
 + Level 2.5 Armour
 + Level 4.5 Dodging
 + Level 0.5 Stealth
 + Level 0.5 Shields
 + Level 0.5 Unarmed Combat
 + Level 4.9 Spellcasting
 + Level 0.3 Conjurations
 + Level 0.3 Hexes
 + Level 5.3 Charms
 + Level 0.3 Summonings
 + Level 0.3 Necromancy
 + Level 0.3 Translocations
 + Level 0.3 Transmutations
 + Level 0.3 Fire Magic
 + Level 0.3 Ice Magic
 + Level 0.3 Air Magic
 + Level 0.3 Earth Magic
 + Level 0.3 Poison Magic
 + Level 0.6 Invocations
 + Level 0.5 Evocations


You had 9 spell levels left.
You knew the following spells:

 Your Spells              Type           Power        Failure   Level  Hunger
a - Infusion              Chrm           ###.         1%          1    None

Your spell library contained the following spells:

 Spells                   Type           Power        Failure   Level  Hunger
 Song of Slaying          Chrm           ###.....     2%          2    ##.....
 Shroud of Golubria       Chrm/Tloc      ##....       8%          2    ##.....
 Regeneration             Chrm/Necr      ##........   16%         3    ###....
 Spectral Weapon          Hex/Chrm       ##......     16%         3    ###....


Dungeon Overview and Level Annotations

Branches:
Dungeon (2/15)

Altars:
Wu Jian


Innate Abilities, Weirdness & Mutations

Your experience applies equally to all skills.
You have very sharp teeth.
Your uncanny sense of smell can sniff out nearby items.
You can translocate small distances at will.
Your body sometimes deteriorates upon taking damage.
You evolve.


Message History

You closely miss the adder.
You feel sick. The adder misses you. The adder bites you.
Your body deteriorates!
You feel weakened.
Okay, then.
Casting: Infusion (safe; 1% risk of failure)
Confirm with . or Enter, or press ? or * to list all spells.
You begin infusing your attacks with magical energy.
You feel sick. The adder closely misses you.
You closely miss the adder. Your bite misses the adder.
You feel sick. The adder barely misses you.
You barely miss the adder.
* * * LOW HITPOINT WARNING * * *
You feel sick. The adder bites you.
* * * LOW HITPOINT WARNING * * *
The adder misses you.
You hit the adder!
The adder is almost dead.
The adder bites you.
* * * LOW HITPOINT WARNING * * *
You die...

## ##[....## .#
#..#.......#...
..#.......#..
....._..[..
#.......# ∆
#.......#
#...S.#
#..####.####.#
.......@.....#
#######.######
∆ #.<# #.## #.
#. .. ∆ #. ∆ #.


You could see an adder.

Vanquished Creatures
  A worm (D:1)
  A leopard gecko (D:1)
  3 goblins (D:1)
  A hobgoblin (D:1)
  A ball python (D:1)
  3 bats (D:1)
  2 frilled lizards (D:1)
  3 kobolds (D:1)
  A rat (D:1)
16 creatures vanquished.

Notes
Turn   | Place    | Note
-------+----------+-------------------------------------------
     0 | D:1      | Enkuryo the Gnoll Skald began the quest for the Orb.
     0 | D:1      | Reached XP level 1. HP: 20/20 MP: 6/6
   690 | D:1      | Reached XP level 2. HP: 26/26 MP: 7/7
   763 | D:1      | Gained mutation: You evolve. [potion of mutation]
   763 | D:1      | Gained mutation: Your body sometimes deteriorates upon
                  | taking damage. [potion of mutation]
   763 | D:1      | Gained mutation: You can translocate small distances at
                  | will. [potion of mutation]
  1195 | D:2      | Found an ornate altar of the Wu Jian Council.
  1207 | D:2      | HP: 1/26 [adder (4)]
  1208 | D:2      | Succumbed to an adder's poison

Levels and vault maps discovered:
D:1:      evilmike_arrival_run_for_it, layout_basic
D:2:      layout_rooms, old_standard_altar

Action                   || total
-------------------------++-------
Melee: Mace              ||    43
 Cast: Infusion          ||     2
  Use: Potion            ||     3
       Scroll            ||     1
  Eat: Ration            ||     1
Armor: Leather armour    ||     9
       Robe              ||     2
Dodge: Dodged            ||    32
